 Dungeon Crawl Stone Soup version 0.16-a0-3458-g6d2551d (webtiles) character file.

10966 stonewall the Covert (level 11, 0/78 HPs)
             Began as a Mummy Arcane Marksman on Jan 1, 2015.
             Was an Elder of Trog.
             Slain by a black mamba (13 damage)
             ... on level 3 of the Lair of Beasts.
             The game lasted 00:30:16 (14558 turns).

stonewall the Covert (Mummy Arcane Marksman)       Turns: 14558, Time: 00:30:16

Health: 0/78       AC:  7    Str: 16    XL:     11   Next: 43%
Magic:  14/14      EV: 12    Int: 12    God:    Trog [****..]
Gold:   220        SH:  0    Dex: 16    Spells: 0 memorised, 12 levels left

rFire  x . .     SeeInvis .     a - +2 rapier (venom)
rCold  + . .     Clarity  .     P - +0 leather armour
rNeg   + + +     SustAb   .     (no shield)
rPois  ∞         Gourm    .     v - +0 helmet
rElec  .         Spirit   .     A - +0 cloak
rCorr  .         Warding  +     w - +0 pair of gloves
rMut   .         Stasis   .     l - +0 pair of boots
MR     +....                    q - amulet of warding
Stlth  ++++......               E - +4 ring of dexterity
                                i - ring of invisibility

@: somewhat resistant to hostile enchantments, stealthy
A: no food or potions, fire vulnerability, restore body, cold resistance 1,
negative energy resistance 3, poison resistance, torment resistance, unbreathing
a: Burn Spellbooks, Trog's Hand, Brothers in Arms, Renounce Religion, Evoke
Invisibility


You were on level 3 of the Lair of Beasts.
You worshipped Trog.
Trog was greatly pleased with you.
You were not hungry.

You visited 3 branches of the dungeon, and saw 12 of its levels.

You collected 524 gold pieces.
You spent 304 gold pieces at shops.

Inventory:

Hand weapons
 a - a +2 rapier of venom (weapon)
 b - a +1 whip of electrocution
 h - a +0 hand axe
 r - a +4 club
 s - a +0 hunting sling
 y - a +0 hunting sling
 z - a +3 quarterstaff of chaos
 D - a -1 dagger
 F - a +2 dagger of venom
 G - a +1 flail of draining {i tried so hard}
 H - a +0 dagger of protection
Missiles
 o - 51 sling bullets
 p - 260 stones (quivered)
Armour
 j - a +0 ring mail
 l - a +0 pair of boots (worn)
 v - a +0 helmet (worn)
 w - a +0 pair of gloves (worn)
 A - a +0 cloak (worn)
 B - a +0 scale mail
 C - a +0 chain mail
 L - the -5 robe of Misfortune {-Cast Contam *Tele EV-4 Str-2 Int-2 Dex-2 Stlth-- Curse}
   (You bought it in a shop on level 8 of the Dungeon)

   It affects your evasion (-4).
   It affects your strength (-2).
   It affects your intelligence (-2).
   It affects your dexterity (-2).
   It prevents spellcasting.
   It causes random teleportation.
   It may recurse itself when equipped.
   It causes magical contamination when unequipped.
   It makes you much less stealthy.
 M - a +4 chain mail
 P - a +0 leather armour (worn)
 Q - a +0 robe
Jewellery
 e - a cursed ring of flight
 i - a ring of invisibility (left hand)
 n - a +4 ring of strength
 q - an amulet of warding (around neck)
 t - a +1 ring of slaying
 E - a +4 ring of dexterity (right hand)
 J - an uncursed ring of sustain abilities
 O - the amulet of Activism {Inacc rElec Dex+3}
   (You found it on level 1 of the Lair of Beasts)

   [amulet of inaccuracy]

   It reduces the accuracy of all your attacks.
   It affects your dexterity (+3).
   It insulates you from electricity.
Magical devices
 c - a wand of slowing (17)
 g - a wand of random effects (12)
 k - a wand of teleportation (0)
 u - a wand of lightning (0)
 x - a wand of lightning (4)
 I - a wand of magic darts (20)
 N - a wand of cold (0)
Scrolls
 f - a scroll of amnesia
 m - 2 scrolls of fog
 K - a scroll of blinking
 R - a scroll of enchant armour {unknown}
 S - a scroll of teleportation {unknown}
 T - a scroll of brand weapon {unknown}
Books
 d - a book of Debilitation

   Spells                             Type                      Level
   a - Corona                         Hexes                        1
   b - Slow                           Hexes                        2
   c - Inner Flame                    Hexes/Fire                   3
   d - Enslavement                    Hexes                        4
   e - Cause Fear                     Hexes                        4
   f - Leda's Liquefaction            Hexes/Earth                  4
   Trog disapproves of the use of such an item.


   Skills:
 - Level 4.8 Fighting
 + Level 8.9 Short Blades
 - Level 7.7 Maces & Flails
 - Level 0.1(4.7) Staves
 - Level 1.5 Slings
 - Level 1.5 Dodging
 + Level 9.6 Stealth
 - Level 1.0 Spellcasting
   Level 2.6 Hexes


You had 12 spell levels left.
You didn't know any spells.

Dungeon Overview and Level Annotations

Branches:
Dungeon (8/15)             Temple (1/1) D:4            Lair (3/8) D:8
  Swamp: Lair:3-6    Shoals: Lair:3-6     Snake: Lair:3-6    Spider: Lair:3-6

Altars:
Ashenzari
Cheibriados
Dithmenos
Elyvilon
Fedhas
Gozag
Kikubaaqudgha
Makhleb
Nemelex Xobeh
Okawaru
Qazlal
Ru
Sif Muna
Trog
Vehumet
Xom
Yredelemnul
Zin
The Shining One

Shops:
D:8 [


Innate Abilities, Weirdness & Mutations

You do not eat or drink.
Your flesh is vulnerable to fire.
Your flesh is cold resistant.
You are immune to negative energy.
Your system is resistant to poisons.
You are immune to unholy pain and torment.
You can survive without breathing.


Message History

Trog is greatly pleased with you.
A black mamba comes into view.
You see here a crocodile corpse.
You offer a prayer to Trog.
The crocodile corpse is consumed in a column of flame.
Trog is greatly pleased with you.
Read which item? (? for menu, Esc to quit)
Okay, then.
Evoke which item? (* to show all) (? for menu, Esc to quit)
Zapping:
k - a wand of teleportation {zapped: 4} (will waste charges)
Press: ? - help, Shift-Dir - straight line, f - you Nothing appears to happen.
The black mamba bites you!
* * * LOW HITPOINT WARNING * * *
Read which item? (? for menu, Esc to quit)
Okay, then.
The black mamba bites you!
* * * LOW HITPOINT WARNING * * *
The black mamba misses you. The black mamba bites you!
You die...

#######P...P##.#.#.###.P#########
.................................
.###..#.##.#...##.###P...#...#...
..#..#######..##..#.##..#.....#.#
.##.......##..##.............##..
.#............#P..>.....P....+...
.##...........##........#........
.#............##........##....#..
.##....#####...#@S.......#...#...
.#.###..#.#...#.........##....#..
..............##........#....###P
................#.####...P...####
.................#.##.P.P........
.................................
.................................
................................#
............................###.#


You could see a black mamba.

Vanquished Creatures
  Joseph (Lair:1)
  A black mamba (Lair:3)
  A spiny frog (Lair:3)
  9 komodo dragons
  A fire drake (Lair:3)
  A red devil (D:8)
  Grinder (D:3)
  A polar bear (Lair:3)
  A basilisk (Lair:3)
  A wyvern (D:8)
  A spriggan (D:8)
  A hungry ghost (D:7)
  4 hippogriffs
  A steam dragon (D:8)
  Menkaure (D:4)
  7 porcupines
  2 water moccasins (Lair:1)
  9 wolves
  2 orc warriors
  An ice beast (D:5)
  3 sky beasts
  A necrophage (D:7)
  2 phantoms
  A centaur (D:8)
  3 ogres
  4 crocodiles
  6 giant frogs
  A water moccasin skeleton (D:5)
  A scorpion (D:5)
  An electric eel (Lair:1)
  A centaur zombie (D:5)
  A giant frog zombie (D:7)
  4 crimson imps
  2 centaur skeletons
  A goliath beetle (D:5)
  4 hounds
  6 orc wizards
  2 jellies
  Crazy Yiuf (D:3)
  6 orc priests
  3 giant frog skeletons
  4 worker ants
  13 iguanas
  Ijyb (D:2)
  A hound skeleton (D:5)
  Terence (D:3)
  14 adders
  6 river rats (Lair:1)
  A giant mite (D:5)
  2 worms (D:2)
  An adder zombie (D:6)
  An adder skeleton (D:5)
  7 giant geckos
  An ooze (D:3)
  35 orcs
  A ball python (D:2)
  17 bats
  A bat zombie (D:5)
  7 giant cockroaches
  5 goblins
  15 hobgoblins
  14 kobolds
  9 giant newts
  7 jackals
  11 quokkas
  A quokka zombie (D:5)
  15 rats
292 creatures vanquished.

Notes
Turn   | Place    | Note
--------------------------------------------------------------
     0 | D:1      | stonewall, the Mummy Arcane Marksman, began the quest for the Orb.
     0 | D:1      | Reached XP level 1. HP: 15/15 MP: 2/2
   121 | D:1      | Reached XP level 2. HP: 22/22 MP: 3/3
   696 | D:2      | Reached skill level 3 in Fighting
   716 | D:2      | Reached XP level 3. HP: 18/29 MP: 4/4
  1345 | D:2      | Noticed Ijyb
  2141 | D:2      | Reached skill level 4 in Fighting
  2141 | D:2      | Reached XP level 4. HP: 20/37 MP: 5/5
  2425 | D:2      | Killed Ijyb
  3107 | D:3      | Noticed Grinder
  3110 | D:3      | Paralysed by Grinder for 7 turns
  3324 | D:3      | Killed Grinder
  3324 | D:3      | Reached XP level 5. HP: 11/43 MP: 7/7
  3324 | D:3      | Reached XP level 6. HP: 12/49 MP: 8/8
  4075 | D:3      | Noticed Terence
  4086 | D:3      | Killed Terence
  4492 | D:3      | Noticed Crazy Yiuf
  4498 | D:3      | Killed Crazy Yiuf
  4689 | D:4      | Found a staircase to the Ecumenical Temple.
  4705 | D:4      | Noticed Menkaure
  4712 | D:4      | Killed Menkaure
  4712 | D:4      | Reached skill level 5 in Maces & Flails
  4712 | D:4      | Reached XP level 7. HP: 35/55 MP: 9/9
  4843 | Temple   | Entered the Ecumenical Temple
  5157 | D:4      | Found an opulent altar of Gozag.
  5344 | D:5      | Entered Level 5 of the Dungeon
  5539 | D:5      | Reached skill level 6 in Maces & Flails
  5658 | D:5      | Reached XP level 8. HP: 49/61 MP: 10/10
  5755 | D:5      | Found a snail-covered altar of Cheibriados.
  5772 | D:5      | Found a bloodstained altar of Trog.
  5943 | D:5      | Reached skill level 7 in Maces & Flails
  6837 | D:5      | Became a worshipper of Trog the Wrathful
  6860 | D:5      | Reached skill level 1 in Short Blades
  6860 | D:5      | Reached skill level 1 in Stealth
  7020 | D:6      | HP: 1/61 [orc priest/divine providence (14)]
  7382 | D:6      | Acquired Trog's first power
  7806 | D:6      | Found a basalt altar of Yredelemnul.
  7833 | D:6      | Found a shattered altar of Ashenzari.
  7833 | D:6      | Found a deep blue altar of Sif Muna.
  7857 | D:6      | Reached XP level 9. HP: 56/67 MP: 11/11
  7869 | D:6      | Found a glowing silver altar of Zin.
  8300 | D:6      | Acquired Trog's second power
  9247 | D:7      | Reached skill level 5 in Stealth
  9386 | D:8      | Found Mnaem's Antique Armour Shoppe.
  9390 | D:8      | Bought a sheer robe for 142 gold pieces
  9390 | D:8      | Bought a runed chain mail for 112 gold pieces
  9400 | D:8      | Identified the cursed -5 robe of Misfortune {-Cast Contam *Tele EV-4 Str-2 Int-2 Dex-2 Stlth-- Curse} (You bought it in a shop on level 8 of the Dungeon)
  9592 | D:8      | Reached skill level 5 in Short Blades
  9673 | D:8      | Noticed a rust devil
  9673 | D:8      | Noticed an orange demon
  9840 | D:8      | Found a basalt altar of Yredelemnul.
 10013 | D:8      | Found a staircase to the Lair.
 10181 | D:8      | Reached XP level 10. HP: 70/73 MP: 13/13
 10227 | D:8      | Bought a leather armour for 50 gold pieces
 10276 | Lair:1   | Entered Level 1 of the Lair of Beasts
 10330 | Lair:1   | Noticed Joseph
 10340 | Lair:1   | Killed Joseph
 11001 | Lair:1   | Noticed an eight-headed hydra
 11316 | Lair:1   | Got a glittering steel amulet
 12015 | Lair:2   | Reached skill level 8 in Stealth
 12628 | Lair:3   | Acquired Trog's third power
 12924 | Lair:3   | Reached XP level 11. HP: 78/78 MP: 12/14
 13334 | Lair:3   | Reached skill level 9 in Stealth
 13808 | Lair:3   | Identified the amulet of Activism {Inacc rElec Dex+3} (You found it on level 1 of the Lair of Beasts)
 14030 | Lair:3   | Noticed a black mamba
 14043 | Lair:3   | Killed a black mamba
 14558 | Lair:3   | Slain by a black mamba

Action                   |  1- 3 |  4- 6 |  7- 9 | 10-12 || total
-------------------------+-------+-------+-------+-------++-------
Melee: Hand axe          |    43 |    29 |       |       ||    72
       Unarmed           |     9 |       |       |       ||     9
       Club              |       |    61 |       |       ||    61
       Flail             |       |   113 |   488 |     8 ||   609
       Quarterstaff      |       |     7 |       |       ||     7
       Dagger            |       |       |     5 |     2 ||     7
       Whip              |       |       |   121 |     5 ||   126
       Rapier            |       |       |       |   248 ||   248
 Fire: Hunting sling     |   197 |    26 |       |       ||   223
 Abil: Evoke Invisibilit |       |       |       |     9 ||     9
Evoke: Wand              |     1 |     1 |     3 |     4 ||     9
  Use: Scroll            |       |       |    13 |     5 ||    18
 Stab: Sleeping          |       |       |       |    29 ||    29
       Invisible         |       |       |       |     3 ||     3
